[Event "Titled Tuesday Blitz August 31 2021"]
[White "Tanenbaum, Zachary"]
[Black "Federzoni, Enzo"]
[WhiteFideId "2060850"]
[BlackFideId "2173301"]
[WhiteElo "2718"]
[BlackElo "2450"]
[Result "1-0"]
[Round "03"]
[TimeControl "180+1"]
[Date "2021.08.31"]
[WhiteClock "0:00:48"]
[BlackClock "0:00:12"]

1. e4 c5 2. Nf3 d6 3. d4 cxd4 4. Nxd4 Nf6 5. Nc3 a6 6. Be3 e5 7. Nb3 Be6 8. h3 Be7 9. f4 exf4 10. Bxf4 Nc6 11. Qe2 O-O 12. O-O-O Qc7 13. g4 Ne5 14. g5 Nfd7 15. Kb1 b5 16. Qg2 Rac8 17. h4 b4 18. Nd5 Bxd5 19. exd5 a5 20. Nd4 a4 21. Nf5 Rfe8 22. h5 a3 23. g6 fxg6 24. hxg6 Nxg6 25. Bd3 Ndf8 26. Rdg1 axb2 27. Qh2 Bf6 28. Nxd6 b3 29. cxb3 Qc3 30. Bxg6 Nxg6 31. Qxh7+ Kf8 32. Qxg6 Ke7 33. Qf7+ Kd8 34. Nb7# 1-0


[Site "https://www.chess.com"]

[Event "Titled Tuesday Blitz August 31 2021"]
[White "Tarigan, Gilbert Elroy"]
[Black "Kollars, Dmitrij"]
[WhiteFideId "7108133"]
[BlackFideId "12909572"]
[WhiteElo "1908"]
[BlackElo "2576"]
[Result "1/2-1/2"]
[Round "03"]
[TimeControl "180+1"]
[Date "2021.08.31"]
[WhiteClock "0:00:07"]
[BlackClock "0:00:07"]

1. d4 Nf6 2. c4 e6 3. Nc3 d5 4. cxd5 exd5 5. Bg5 c6 6. e3 Be7 7. Nf3 O-O 8. Bd3 h6 9. Bh4 Re8 10. Qc2 Nbd7 11. O-O Ne4 12. Bxe4 Bxh4 13. Bh7+ Kh8 14. Bf5 Be7 15. Rab1 a5 16. a3 Bd6 17. b4 axb4 18. axb4 g6 19. Bxg6 fxg6 20. Qxg6 Bf8 21. b5 Bg7 22. bxc6 Nf8 23. cxb7 Bxb7 24. Qb6 Ba6 25. Qxd8 Rexd8 26. Rfc1 Bd3 27. Ra1 Rac8 28. h3 Ne6 29. Ne1 Bh7 30. Ne2 Kg8 31. Rxc8 Rxc8 32. Rc1 Ra8 33. Nc3 Rc8 34. Ne2 Ra8 35. Nc3 Nc7 36. Ne2 Ra7 37. Nf4 Bf8 38. Ned3 Bd6 39. g3 Ra6 40. Kg2 Be4+ 41. f3 Bh7 42. g4 Kf7 43. Kg3 Ne6 44. Ne5+ Bxe5 45. dxe5 Nxf4 46. Kxf4 Ra4+ 47. Kg3 Ra7 48. Rc6 Kg7 49. f4 Ra3 50. Kf2 Ra2+ 51. Kg3 Be4 52. f5 Rg2+ 53. Kh4 Re2 54. Rc7+ Kf8 55. Kh5 Rxe3 56. Kxh6 Bxf5 57. gxf5 Rxe5 58. f6 Re3 59. Kg6 Rg3+ 60. Kf5 Rf3+ 61. Ke6 Re3+ 62. Kxd5 Rxh3 63. Ke6 Re3+ 64. Kf5 Rf3+ 65. Kg5 Rg3+ 66. Kf4 Rg1 67. Rb7 Rf1+ 68. Ke5 Re1+ 69. Kd6 Rf1 70. Ke6 Re1+ 71. Kf5 Rf1+ 72. Ke6 Re1+ 73. Kf5 Rf1+ 74. Ke6 1/2-1/2


[Site "https://www.chess.com"]

[Event "Titled Tuesday Blitz August 31 2021"]
[White "Terry, Renato"]
[Black "Pires, Marcos Vinicius Torsani"]
[WhiteFideId "3803457"]
[BlackFideId "2118939"]
[WhiteElo "2581"]
[BlackElo "2273"]
[Result "1-0"]
[Round "03"]
[TimeControl "180+1"]
[Date "2021.08.31"]
[WhiteClock "0:00:09"]
[BlackClock "0:00:13"]

1. e4 c6 2. Nf3 d5 3. exd5 cxd5 4. Ne5 Nf6 5. d4 e6 6. c3 Nc6 7. Bd3 Nxe5 8. dxe5 Nd7 9. Bf4 Be7 10. Nd2 O-O 11. O-O Nc5 12. Bc2 b6 13. Qg4 f5 14. exf6 Bxf6 15. Qg3 Bh4 16. Qe3 Bd7 17. Nf3 Bf6 18. Ne5 Bb5 19. Rfe1 Qe8 20. Qh3 g6 21. Bh6 Bg7 22. Re3 Qe7 23. Rae1 Rae8 24. b4 Nd7 25. Ng4 Nf6 26. Bg5 Bd7 27. Ne5 Qd6 28. Nxd7 Qxd7 29. Rxe6 Rxe6 30. Qxe6+ Qxe6 31. Rxe6 Ne4 32. Bxe4 dxe4 33. c4 Bc3 34. b5 Rc8 35. Rxe4 Bb4 36. Be3 Bc5 37. Bxc5 Rxc5 38. Kf1 Kf7 39. Ke2 Kf6 40. Kd3 a6 41. a4 axb5 42. axb5 Rc7 43. Rd4 Ke6 44. Re4+ Kf6 45. f4 Ra7 46. Kd4 Ra1 47. Kd5 Ra8 48. Kc6 Rb8 49. Kc7 Ra8 50. Kxb6 Ra1 51. c5 Rg1 52. c6 Rxg2 53. Rc4 Rb2 54. c7 Kf5 55. c8=Q+ 1-0


[Site "https://www.chess.com"]

[Event "Titled Tuesday Blitz August 31 2021"]
[White "Timofeev, Artyom"]
[Black "Chasin, Nico"]
[WhiteFideId "4140419"]
[BlackFideId "30908477"]
[WhiteElo "2582"]
[BlackElo "2065"]
[Result "1-0"]
[Round "03"]
[TimeControl "180+1"]
[Date "2021.08.31"]
[WhiteClock "0:02:20"]
[BlackClock "0:02:16"]

1. c4 e6 2. b3 Nf6 3. Bb2 d5 4. Nf3 b6 5. cxd5 exd5 6. d3 Bd6 7. Nbd2 O-O 8. e3 Re8 9. Be2 c5 10. O-O Nc6 11. d4 Bf5 12. Rc1 Rc8 13. dxc5 Bxc5 14. Bb5 Bd7 15. Ba6 Rc7 16. a3 Bg4 17. h3 Bh5 18. b4 Bd6 19. Bb5 Qc8 20. Qa4 1-0


[Site "https://www.chess.com"]

[Event "Titled Tuesday Blitz August 31 2021"]
[White "Tokhirjonova, Gulrukhbegim"]
[Black "Mekhitarian, Krikor Sevag"]
[WhiteFideId "14203626"]
[BlackFideId "2107660"]
[WhiteElo "2539"]
[BlackElo "2759"]
[Result "1-0"]
[Round "03"]
[TimeControl "180+1"]
[Date "2021.08.31"]
[WhiteClock "0:00:35"]
[BlackClock "0:00:01"]

1. e4 c5 2. Nf3 g6 3. d4 cxd4 4. Nxd4 Nc6 5. Nc3 Bg7 6. Be3 Nf6 7. Bc4 O-O 8. f3 Qb6 9. Bb3 Nxe4 10. Nd5 Qa5+ 11. c3 Nc5 12. Nxc6 dxc6 13. Nxe7+ Kh8 14. Nxc8 Raxc8 15. O-O Rce8 16. Bd4 Rd8 17. Bxg7+ Kxg7 18. Qc2 Qb6 19. Kh1 Nd3 20. Rad1 Qe3 21. Qd2 Qxd2 22. Rxd2 Nc5 23. Rfd1 Rxd2 24. Rxd2 a5 25. Kg1 Kf6 26. Kf2 Ke7 27. Bc2 a4 28. Ke3 b5 29. Rd4 Ne6 30. Re4 Rd8 31. a3 Kd6 32. f4 f5 33. Re5 Nc7 34. c4 Rb8 35. c5+ Kd7 36. g3 Re8 37. Kd4 Rd8 38. Bd3 Ne6+ 39. Kc3 Re8 40. Be2 Nc7 41. Kd4 Rd8 42. Bf3 Ne6+ 43. Kc3 Nc7 44. Kb4 Rb8 45. Ka5 b4 46. Kxa4 bxa3 47. bxa3 Ra8+ 48. Kb3 Rb8+ 49. Kc4 Ra8 50. Re3 Ra4+ 51. Kb3 Rd4 52. Kc3 Nb5+ 53. Kc2 Rc4+ 54. Kb2 Rxc5 55. a4 Nd6 56. Rc3 Rxc3 57. Kxc3 Kc7 58. a5 Nb7 59. Kb4 Nd6 60. Kc5 Nb7+ 61. Kb4 Nd6 62. Be2 h6 63. Bd3 g5 64. fxg5 hxg5 65. h4 f4 66. hxg5 fxg3 67. Bf1 Nf7 68. g6 Nh6 69. g7 Kb7 70. Kc5 Kc7 71. a6 1-0


[Site "https://www.chess.com"]

[Event "Titled Tuesday Blitz August 31 2021"]
[White "Trent, Lawrence"]
[Black "Le, Tuan Minh"]
[WhiteFideId "408638"]
[BlackFideId "12401153"]
[WhiteElo "2474"]
[BlackElo "2450"]
[Result "0-1"]
[Round "03"]
[TimeControl "180+1"]
[Date "2021.08.31"]
[WhiteClock "0:00:40"]
[BlackClock "0:00:30"]

1. e4 e5 2. Nf3 d5 3. c3 Nf6 4. d4 dxe4 5. Nxe5 Bd6 6. Nc4 h6 7. Be2 O-O 8. O-O Nc6 9. Nxd6 Qxd6 10. Na3 Bf5 11. Nc4 Qe6 12. Ne3 Ne7 13. Qb3 Qc8 14. f3 Be6 15. c4 exf3 16. Bxf3 c6 17. Qc3 Rd8 18. b3 Qc7 19. Bb2 Rd7 20. Kh1 Rad8 21. d5 cxd5 22. Bxd5 Nexd5 23. Nxd5 Bxd5 24. Rxf6 gxf6 25. Qh3 Be6 26. Qh5 Qf4 0-1


[Site "https://www.chess.com"]

[Event "Titled Tuesday Blitz August 31 2021"]
[White "Tsaruk, Maksim"]
[Black "Thing, Bibek"]
[WhiteFideId "13511173"]
[BlackFideId "12303135"]
[WhiteElo "2184"]
[BlackElo "2000"]
[Result "1-0"]
[Round "03"]
[TimeControl "180+1"]
[Date "2021.08.31"]
[WhiteClock "0:00:59"]
[BlackClock "0:00:13"]

1. Nf3 Nf6 2. d4 d5 3. c4 c6 4. cxd5 cxd5 5. Nc3 Nc6 6. Bf4 Qb6 7. a3 Bf5 8. b4 e6 9. Na4 Qd8 10. e3 Bd6 11. Bxd6 Qxd6 12. Bd3 Bg4 13. h3 Bh5 14. Rc1 O-O 15. g4 Bg6 16. Bxg6 hxg6 17. O-O a5 18. b5 Na7 19. Qb3 Ne4 20. Nc5 f5 21. Nxe4 dxe4 22. Ne5 Rf6 23. g5 Rf7 24. Nxf7 Kxf7 25. Rc2 Rh8 26. Rfc1 Rxh3 27. Rc7+ Kg8 28. Kf1 f4 29. b6 fxe3 30. bxa7 Qh2 31. Qxe6+ Kh7 32. Rxg7+ Kxg7 33. Qf6+ Kh7 34. Qf7+ Kh8 35. Rc8# 1-0


[Site "https://www.chess.com"]

[Event "Titled Tuesday Blitz August 31 2021"]
[White "Urazayev, Arystanbek"]
[Black "Florescu, Codrut-Constantin"]
[WhiteFideId "13709810"]
[BlackFideId "1202200"]
[WhiteElo "2784"]
[BlackElo "2615"]
[Result "0-1"]
[Round "03"]
[TimeControl "180+1"]
[Date "2021.08.31"]
[WhiteClock "0:00:03"]
[BlackClock "0:00:39"]

1. e4 c5 2. Nf3 e6 3. d4 cxd4 4. Nxd4 Nf6 5. Nc3 d6 6. Be2 a6 7. Be3 Qc7 8. g4 h6 9. h4 Nbd7 10. Rg1 g5 11. hxg5 hxg5 12. Bxg5 b5 13. Bf3 Bb7 14. Qe2 Be7 15. O-O-O Rc8 16. Kb1 Ne5 17. Bxf6 Bxf6 18. Ndxb5 axb5 19. Nxb5 Qc5 20. Nxd6+ Ke7 21. g5 Bg7 22. c3 Rc7 23. Bg2 Ng6 24. Qf3 Rf8 25. Nxb7 Rxb7 26. Ka1 Rfb8 27. Rd2 Ne5 28. Qe3 Qxe3 29. fxe3 Nc4 30. Rc2 Rxb2 31. Rgc1 Rxc2 32. Rxc2 Nxe3 33. Rb2 Bxc3 0-1


[Site "https://www.chess.com"]

[Event "Titled Tuesday Blitz August 31 2021"]
[White "Urjubdshzirov, Erdni"]
[Black "Shkapenko, Pavel"]
[WhiteFideId "4186451"]
[BlackFideId "4151933"]
[WhiteElo "2418"]
[BlackElo "2714"]
[Result "0-1"]
[Round "03"]
[TimeControl "180+1"]
[Date "2021.08.31"]
[WhiteClock "0:02:02"]
[BlackClock "0:02:23"]

1. e4 e5 2. Nf3 Nc6 3. Bb5 Bc5 4. O-O d6 5. h3 Ne7 6. c3 Bd7 7. d4 Bb6 8. d5 Nb8 9. Bxd7+ Nxd7 10. Nfd2 O-O 11. Nc4 f5 12. Nxb6 axb6 13. f3 fxe4 14. fxe4 Rxf1+ 15. Qxf1 Nc5 16. Qf3 Nb3 17. Bg5 Nxa1 18. Qg4 Qc8 0-1


[Site "https://www.chess.com"]

[Event "Titled Tuesday Blitz August 31 2021"]
[White "Vivas Zamora, Fabian Ernesto"]
[Black "Wong, Yinn Long"]
[WhiteFideId "3902480"]
[BlackFideId "5707684"]
[WhiteElo "2369"]
[BlackElo "2710"]
[Result "0-1"]
[Round "03"]
[TimeControl "180+1"]
[Date "2021.08.31"]
[WhiteClock "0:00:01"]
[BlackClock "0:00:24"]

1. c4 c5 2. Nf3 g6 3. d4 cxd4 4. Nxd4 Nc6 5. Nc2 Bg7 6. e4 Nf6 7. Nc3 O-O 8. Be2 d6 9. O-O Nd7 10. Bd2 a5 11. Rc1 Nc5 12. f3 f5 13. exf5 Bxf5 14. Ne3 Nd4 15. Nxf5 Nxf5 16. Re1 Bd4+ 17. Kh1 e5 18. Ne4 Qh4 19. Bg5 Ng3+ 20. Nxg3 Qxg5 21. Ne4 Nxe4 22. fxe4 Rf2 23. Bf3 Rf8 24. Rg1 Rd2 25. Qe1 Bf2 26. Qf1 Bxg1 27. Qxg1 Rxb2 28. Rd1 Rd2 29. Rxd2 Qxd2 30. h3 Qxa2 31. Qb6 Qxc4 32. Qxd6 Qc1+ 33. Kh2 Qf4+ 34. Kh1 a4 35. Qd5+ Kg7 36. Qxb7+ Rf7 37. Qa6 Qc1+ 38. Kh2 a3 39. Qa5 Qf4+ 0-1


[Site "https://www.chess.com"]

[Event "Titled Tuesday Blitz August 31 2021"]
[White "Yanchenko, Roman"]
[Black "Espinosa Veloz, Ermes"]
[WhiteFideId "4137329"]
[BlackFideId "3507424"]
[WhiteElo "2514"]
[BlackElo "2333"]
[Result "1-0"]
[Round "03"]
[TimeControl "180+1"]
[Date "2021.08.31"]
[WhiteClock "0:00:04"]
[BlackClock "0:00:01"]

1. d4 Nf6 2. Nf3 g6 3. Bf4 Bg7 4. e3 d6 5. c4 O-O 6. Nc3 c5 7. Be2 cxd4 8. exd4 d5 9. O-O Nc6 10. h3 Be6 11. c5 b6 12. Bb5 Bd7 13. Ne5 Nxe5 14. dxe5 Nh5 15. Bxd7 Qxd7 16. Bh2 Bh6 17. Qxd5 Rad8 18. Qxd7 Rxd7 19. cxb6 axb6 20. Rad1 Rfd8 21. Rxd7 Rxd7 22. Rd1 Rxd1+ 23. Nxd1 Nf4 24. Nc3 Nd3 25. Nd5 Nxb2 26. Nxb6 Kf8 27. a4 Nd3 28. a5 Nc5 29. f4 Ke8 30. Kf1 f6 31. exf6 exf6 32. Bg1 Na6 33. g3 Kd8 34. Bd4 f5 35. Ke2 Kc7 36. Kd3 Kc6 37. Kc4 Bf8 38. Nd5 Bd6 39. Bb6 h6 40. Nf6 g5 41. fxg5 hxg5 42. g4 Be5 43. Nd5 f4 44. Nb4+ Nxb4 45. Kxb4 f3 46. Bf2 Bd6+ 47. Ka4 Bc5 48. Bg3 f2 49. Bxf2 Bxf2 50. Kb4 Kd5 51. Kb5 Ke4 52. Kc6 Kf4 53. Kd5 Kg3 54. Ke4 Kxh3 55. Kf5 Ba7 56. Kxg5 Kg3 57. Kf5 Kh4 58. a6 Be3 59. g5 Kh5 60. g6 Kh6 61. Kf6 Bd4+ 62. Kf7 1-0


[Site "https://www.chess.com"]

[Event "Titled Tuesday Blitz August 31 2021"]
[White "Yaniuk, Volodymyr"]
[Black "Maly, Alexey"]
[WhiteFideId "14133083"]
[BlackFideId "14103184"]
[WhiteElo "2207"]
[BlackElo "2250"]
[Result "0-1"]
[Round "03"]
[TimeControl "180+1"]
[Date "2021.08.31"]
[WhiteClock "0:00:23"]
[BlackClock "0:01:34"]

1. d4 d5 2. c4 dxc4 3. Nf3 Nf6 4. e3 e6 5. Bxc4 a6 6. O-O b5 7. Bb3 Bb7 8. Nc3 c5 9. dxc5 Bxc5 10. Qxd8+ Kxd8 11. Rd1+ Ke7 12. a4 b4 13. Ne2 Nc6 14. Bd2 Na5 15. Nfd4 Nxb3 16. Nxb3 Bd6 17. Na5 Bd5 18. Rdc1 Rhc8 19. Nd4 Kd7 20. Rxc8 Rxc8 21. Rc1 Rxc1+ 22. Bxc1 Ne4 23. f3 Nc5 24. e4 Ba2 25. Nc2 Nb3 26. Be3 Nxa5 0-1


[Site "https://www.chess.com"]

[Event "Titled Tuesday Blitz August 31 2021"]
[White "Yi, Richard"]
[Black "Shimelkov, Vasiliy"]
[WhiteFideId "2079518"]
[BlackFideId "13701630"]
[WhiteElo "2419"]
[BlackElo "2073"]
[Result "0-1"]
[Round "03"]
[TimeControl "180+1"]
[Date "2021.08.31"]
[WhiteClock "0:00:01"]
[BlackClock "0:00:02"]

1. e4 c5 2. Nf3 Nc6 3. d4 cxd4 4. Nxd4 Nf6 5. Nc3 e6 6. Ndb5 Bb4 7. a3 Bxc3+ 8. Nxc3 d5 9. exd5 exd5 10. Bd3 O-O 11. O-O Bg4 12. Be2 Bxe2 13. Nxe2 h6 14. h3 Qb6 15. b3 Rac8 16. Bb2 Ne4 17. Qxd5 Rfe8 18. Nf4 Rcd8 19. Qh5 Nd4 20. Rac1 Qf6 21. Nd3 Nd2 22. Rfe1 Rxe1+ 23. Rxe1 N4f3+ 24. gxf3 Nxf3+ 25. Kf1 Qc6 26. Ne5 Nd2+ 27. Kg1 Qd5 28. Qg4 g6 29. Qf4 h5 30. Qf6 Ne4 31. Re2 Qd1+ 32. Kg2 Nxf6 0-1


[Site "https://www.chess.com"]

[Event "Titled Tuesday Blitz August 31 2021"]
[White "Zemach, Roee"]
[Black "Gabrielian, Artur"]
[WhiteFideId "2818531"]
[BlackFideId "4131002"]
[WhiteElo "2131"]
[BlackElo "2513"]
[Result "1-0"]
[Round "03"]
[TimeControl "180+1"]
[Date "2021.08.31"]
[WhiteClock "0:00:11"]
[BlackClock "0:00:04"]

1. d4 Nf6 2. Nf3 e6 3. Bf4 d5 4. e3 c5 5. c3 Bd6 6. Bg3 O-O 7. Bd3 Qc7 8. O-O b6 9. Nbd2 Ba6 10. Bxa6 Nxa6 11. Qe2 Nb8 12. dxc5 bxc5 13. e4 Bxg3 14. hxg3 Nc6 15. exd5 exd5 16. Nb3 Qb6 17. Qe3 c4 18. Qxb6 axb6 19. Nbd4 Nxd4 20. Nxd4 Ne4 21. Rfd1 Nf6 22. a3 Rfe8 23. f3 h5 24. Rd2 g6 25. Kf2 Kg7 26. Rad1 Rh8 27. Nc2 Ra5 28. Ne3 Rb5 29. Rc2 Re8 30. Rd4 Re5 31. Rcd2 Kf8 32. Rc2 Ra5 33. Rd1 Ra8 34. Rcd2 Rae8 35. Nc2 g5 36. Nd4 g4 37. Nc6 R5e6 38. Nb4 Re5 39. Nc6 Rf5 40. Nd4 Ne4+ 41. Kg1 Nxd2 42. Nxf5 Nb3 43. fxg4 hxg4 44. Rxd5 f6 45. Rd6 Re1+ 46. Kf2 Rb1 47. Rxf6+ Ke8 48. Rxb6 Rxb2+ 49. Kg1 Rc2 50. Nd6+ Kd7 51. Nxc4 Rxc3 52. Ne5+ Kc7 53. Rb4 Nd2 54. Nxg4 Rxa3 55. Rf4 Kd6 56. Kh2 Ke6 57. Rf2 Ne4 58. Rf3 Ra2 59. Ne3 Ng5 60. Rf4 Nf7 61. Re4+ Kf6 62. Rf4+ Kg7 63. g4 Ng5 64. Nf5+ Kg6 65. Ng3 Kg7 66. Rc4 Kf6 67. Rc6+ Kf7 68. Nf5 Ne4 69. Nd6+ Nxd6 70. Rxd6 Ra3 71. g3 Kg7 72. Kh3 Ra5 73. Kh4 Rb5 74. g5 Rb1 75. Kh5 Rh1+ 76. Kg4 Ra1 77. Rc6 Rb1 78. Rc4 Ra1 79. Rf4 Rb1 80. Kh5 Rh1+ 81. Rh4 Rg1 82. Rb4 Rxg3 83. Rb7+ Kf8 84. Kh6 Rg1 85. Rb8+ Kf7 86. Rb7+ Kf8 87. Kg6 Rg2 88. Rb8+ Ke7 89. Rh8 Rg1 90. Rh5 Ke6 91. Rh2 Ke7 92. Rf2 Rg3 93. Kh6 1-0


[Site "https://www.chess.com"]

[Event "Titled Tuesday Blitz August 31 2021"]
[White "Zhigalko, Sergei"]
[Black "Solon, Nathan"]
[WhiteFideId "13502956"]
[BlackFideId "2017229"]
[WhiteElo "2662"]
[BlackElo "2662"]
[Result "1-0"]
[Round "03"]
[TimeControl "180+1"]
[Date "2021.08.31"]
[WhiteClock "0:00:04"]
[BlackClock "0:00:17"]

1. e4 c6 2. d4 d5 3. e5 Bf5 4. Nf3 e6 5. Be2 c5 6. Be3 Qb6 7. Nc3 Nc6 8. dxc5 Bxc5 9. Bxc5 Qxc5 10. Nb5 O-O-O 11. Nd6+ Rxd6 12. exd6 Qxc2 13. Qxc2 Bxc2 14. Rc1 Be4 15. Ne5 Nf6 16. Nxc6 bxc6 17. Rxc6+ Kb7 18. Rc7+ Kb6 19. Rxf7 Rd8 20. Rxg7 Rxd6 21. f3 Bg6 22. Kd2 e5 23. Rc1 e4 24. Rcc7 d4 25. Rb7+ Kc5 26. Rgc7+ Kd5 27. fxe4+ Nxe4+ 28. Ke1 Ke5 29. Bd3 Kf4 30. Ke2 Bh5+ 31. Ke1 Bg6 32. Re7 Ke3 33. Bxe4 Bxe4 34. Rxa7 d3 35. Rxe4+ Kxe4 36. Kd2 Rg6 37. Ra4+ Kd5 38. g3 Rh6 39. Rh4 Rb6 40. b3 Ra6 41. a4 Rb6 42. b4 Rf6 43. Kxd3 Rf3+ 44. Ke2 Ra3 45. a5 Ra2+ 46. Kf3 Ra3+ 47. Kg2 Ra2+ 48. Kh3 Rb2 49. a6 Ra2 50. b5 Kc5 51. Rh5+ Kb6 52. g4 Ra3+ 53. Kh4 Ra2 54. h3 Ra4 55. Rf5 h6 56. Kh5 Ra3 57. h4 Rh3 58. Rf6+ Kxb5 59. Rxh6 Ra3 60. Rf6 Ra4 61. g5 Kc5 62. g6 Rf4 63. Rxf4 1-0


[Site "https://www.chess.com"]

[Event "Titled Tuesday Blitz August 31 2021"]
[White "Zubov, Alexander"]
[Black "Mirzoev, Azer"]
[WhiteFideId "14109409"]
[BlackFideId "13400304"]
[WhiteElo "2740"]
[BlackElo "2525"]
[Result "1-0"]
[Round "03"]
[TimeControl "180+1"]
[Date "2021.08.31"]
[WhiteClock "0:00:02"]
[BlackClock "0:00:01"]

1. e4 c6 2. d4 d5 3. e5 Bf5 4. Nf3 e6 5. Be2 Nd7 6. O-O h6 7. Nbd2 Ne7 8. Nb3 Bh7 9. Re1 Ng6 10. c3 Be7 11. Bd3 O-O 12. g3 Re8 13. h4 Rc8 14. h5 Ngf8 15. Bf4 c5 16. Bxh7+ Nxh7 17. dxc5 Nxc5 18. Nbd4 a6 19. a4 Ng5 20. Kg2 Nge4 21. Re3 Nd7 22. a5 Bc5 23. Re2 f6 24. Qb3 fxe5 25. Nxe5 Nxe5 26. Bxe5 Qd7 27. Rae1 Qf7 28. g4 Ba7 29. f3 Nc5 30. Qc2 Nd7 31. Qd2 Nxe5 32. Rxe5 Bxd4 33. Qxd4 Rc4 34. Qe3 Rf4 35. Rxd5 Rf6 36. Re5 Rd8 37. Rxe6 Rxe6 38. Qxe6 Rd2+ 39. Kg3 Qxe6 40. Rxe6 Rxb2 41. Re5 Rb3 42. Rc5 Kf7 43. Kf4 Kf6 44. Ke4 Rb1 45. f4 Re1+ 46. Kf3 Rf1+ 47. Ke3 Rg1 48. Rc7 Rxg4 49. Rxb7 Rg3+ 50. Kd4 Rg4 51. Ke4 Rg3 52. Rb6+ Kf7 53. c4 Rc3 54. Kd5 Rd3+ 55. Kc6 Rh3 56. Rxa6 Rxh5 57. Ra8 Rf5 58. a6 h5 59. c5 Rxf4 60. Ra7+ Kf6 61. Rb7 1-0


[Site "https://www.chess.com"]

[Event "Titled Tuesday Blitz August 31 2021"]
[White "Abdurakhmonov, Mukhammadali"]
[Black "Skliarov, Viktor"]
[WhiteFideId "14207346"]
[BlackFideId "14106736"]
[WhiteElo "2266"]
[BlackElo "2281"]
[Result "1-0"]
[Round "04"]
[TimeControl "180+1"]
[Date "2021.08.31"]
[WhiteClock "0:01:35"]
[BlackClock "0:00:04"]

1. e4 c5 2. Nc3 Nc6 3. Nge2 g6 4. d4 cxd4 5. Nxd4 Bg7 6. Be3 Nf6 7. Nxc6 bxc6 8. e5 Ng8 9. Bd4 f6 10. f4 Qa5 11. Qd2 fxe5 12. fxe5 Nh6 13. e6 Nf5 14. Bxg7 Nxg7 15. exd7+ Bxd7 16. O-O-O Be6 17. Re1 Rd8 18. Qf4 Qf5 19. Qxf5 Bxf5 20. Bc4 Rd4 21. Bb3 Kd7 22. Re5 Rb8 23. Rhe1 e6 24. Ra5 Rb7 25. Na4 Kd6 26. Nc5 Rb5 27. Rxa7 Rxc5 28. Rxg7 Rg4 29. g3 h5 30. Rg8 h4 31. Re3 hxg3 32. hxg3 Re4 33. Rd8+ Ke5 34. Rdd3 Rxe3 35. Rxe3+ Kf6 36. Kd2 e5 37. Rc3 Rxc3 38. Kxc3 Ke7 39. a4 Kd6 40. Bc4 Kc5 41. b4+ Kb6 42. a5+ Kb7 43. Bd3 Kc7 44. Bxf5 gxf5 45. Kd3 Kb7 46. Ke3 Ka6 47. Kf3 c5 48. c3 cxb4 49. cxb4 Kb5 50. g4 e4+ 51. Kf4 fxg4 52. Kxe4 g3 53. Kf3 Kxb4 54. a6 1-0


[Site "https://www.chess.com"]

[Event "Titled Tuesday Blitz August 31 2021"]
[White "Abdusattorov, Nodirbek"]
[Black "Ivanchuk, Vasyl"]
[WhiteFideId "14204118"]
[BlackFideId "14100010"]
[WhiteElo "2662"]
[BlackElo "2710"]
[Result "1-0"]
[Round "04"]
[TimeControl "180+1"]
[Date "2021.08.31"]
[WhiteClock "0:00:54"]
[BlackClock "0:00:03"]

1. c4 Nf6 2. Nc3 e6 3. d4 Bb4 4. g3 O-O 5. Bg2 d6 6. Nf3 Bxc3+ 7. bxc3 Nc6 8. Qd3 e5 9. Nd2 Bd7 10. O-O b6 11. e4 Na5 12. f4 c5 13. fxe5 dxe5 14. d5 Ne8 15. Nb3 Nb7 16. h3 Ned6 17. g4 b5 18. Nd2 bxc4 19. Qg3 f6 20. g5 Qe7 21. gxf6 Rxf6 22. Rxf6 Qxf6 23. Rb1 Rf8 24. Kh2 Nd8 25. Nf3 N8f7 26. Ng5 Nxg5 27. Bxg5 Qg6 28. Be7 Qxg3+ 29. Kxg3 Nb5 30. Bxf8 Kxf8 31. Kf2 Ke7 32. Ke3 Kd6 33. Kd2 Kc7 34. Rf1 Nd6 35. Rf8 Be8 36. Rg8 Bg6 37. Rxg7+ Kb6 38. Rd7 Nxe4+ 39. Bxe4 Bxe4 40. h4 a5 41. Ke3 Bd3 42. h5 Kb5 43. h6 Ka4 44. Ra7 Bf5 45. d6 Kb5 46. d7 Bxd7 47. Rxd7 1-0


[Site "https://www.chess.com"]

[Event "Titled Tuesday Blitz August 31 2021"]
[White "Aldokhin, Ivan"]
[Black "Njal28"]
[WhiteFideId "24115720"]
[WhiteElo "2306"]
[BlackElo "2947"]
[Result "0-1"]
[Round "04"]
[TimeControl "180+1"]
[Date "2021.08.31"]
[WhiteClock "0:00:13"]
[BlackClock "0:01:26"]

1. e4 c5 2. Nf3 Nc6 3. d4 cxd4 4. Nxd4 Nf6 5. Nc3 h5 6. Bg5 Qa5 7. Bxf6 gxf6 8. Nb3 Qe5 9. Nd5 e6 10. Nc3 Bb4 11. Qd3 f5 12. O-O-O Bxc3 13. Qxc3 Qxc3 14. bxc3 fxe4 15. c4 Ke7 16. Be2 h4 17. Rhe1 f5 18. f3 Ne5 19. fxe4 fxe4 20. Bf1 Ng4 21. Rxe4 Nf2 22. Rde1 Nxe4 23. Rxe4 b6 24. Rg4 Bb7 25. Rg7+ Kd6 26. c5+ bxc5 27. Na5 Bc6 28. Be2 Rag8 29. Rf7 Rxg2 30. Nxc6 Rxe2 31. Nxa7 Rxh2 32. Nb5+ Kc6 33. a4 h3 34. Kb2 Rg2 35. Na7+ Kc7 36. Nb5+ Kd8 37. Nd6 h2 38. Rf3 h1=Q 0-1


[Site "https://www.chess.com"]

[Event "Titled Tuesday Blitz August 31 2021"]
[White "Al-Tarboush, Ward"]
[Black "Costachi, Mihnea"]
[WhiteFideId "7601450"]
[BlackFideId "1217518"]
[WhiteElo "2319"]
[BlackElo "2482"]
[Result "1-0"]
[Round "04"]
[TimeControl "180+1"]
[Date "2021.08.31"]
[WhiteClock "0:00:13"]
[BlackClock "0:00:21"]

1. e4 e5 2. Nf3 Nf6 3. Nxe5 d6 4. Nf3 Nxe4 5. Nc3 Nxc3 6. dxc3 Be7 7. Bd3 Nc6 8. Bf4 Be6 9. Qe2 Qd7 10. Nd4 Nxd4 11. cxd4 O-O-O 12. O-O g5 13. Be3 h5 14. c4 Bf5 15. d5 Kb8 16. Rfe1 Bf6 17. a4 h4 18. Bxf5 Qxf5 19. h3 Rhg8 20. f3 Be5 21. a5 Rde8 22. Qf2 Bg3 23. Bxa7+ Ka8 24. Rxe8+ Rxe8 25. Qd4 Re2 26. Bb6 Bf2+ 27. Qxf2 Rxf2 28. Bxf2 Kb8 29. b4 Qd3 30. Rc1 Qd2 31. Re1 Kc8 32. c5 dxc5 33. bxc5 Qxd5 34. Kh1 Kd7 35. Bg1 Qd2 36. Re5 f6 37. Re4 Qxa5 38. Rd4+ Ke6 39. Re4+ Kf7 40. Rd4 Qb5 41. Rd8 Ke7 42. Rb8 Ke6 43. Kh2 Kf5 44. Kh1 Kf4 45. Kh2 Qc6 46. Kh1 Kf5 47. Kh2 Qd5 48. Kh1 Ke6 49. Re8+ Kd7 50. Rb8 Kc6 51. Rf8 Qe6 52. Rb8 f5 53. Kh2 g4 54. fxg4 fxg4 55. hxg4 Qxg4 56. Rh8 Kb5 57. Kh1 Qg3 58. Rh6 Qg5 59. Rh8 Kc4 60. Rh7 Qg3 61. Rh6 Kd3 62. Rh5 Ke2 63. Rh7 Kf1 64. Rf7+ Ke2 65. Re7+ Kd2 66. Rd7+ Kc3 67. Rh7 Qg4 68. Rf7 Qg3 69. Rf3+ Qxf3 70. gxf3 Kc4 71. Kg2 Kd5 72. Kh3 Ke5 73. Kg4 h3 74. Kxh3 Kf4 75. Kg2 b5 76. cxb6 cxb6 77. Bxb6 Kf5 78. Kg3 Kg5 79. f4+ Kf5 80. Kf3 Kg6 81. Ke4 Kf6 82. f5 Kf7 83. Ke5 Ke7 84. f6+ Kf7 85. Kf5 Kf8 86. Ke6 Kg8 87. f7+ Kh7 88. Bd4 Kg6 89. f8=Q Kh5 90. Qf5+ Kh6 91. Qg4 Kh7 92. Qg7# 1-0


[Site "https://www.chess.com"]